 Dungeon Crawl Stone Soup version 0.31-a0-246-g8cbcc1cb85 (webtiles) character file.

Game seed: 15248214809556367200

308 Iniera the Trooper (level 6, 0/48 HPs)
             Began as a Demonspawn Brigand on July 13, 2023.
             Slain by a gnoll
             ... wielding a +2 heavy flail
             ... led by a gnoll sergeant
              (2 damage)
             ... on level 4 of the Dungeon.
             The game lasted 00:03:51 (3184 turns).

Iniera the Trooper (Demonspawn Brigand)             Turns: 3184, Time: 00:03:52

Health: 0/48       AC:  9    Str: 14    XL:     6   Next: 16%
Magic:  6/6        EV: 10    Int: 12    God:
Gold:   295        SH:  0    Dex: 14    Spells: 5/5 levels left

rFire   . . .        u - +0 war axe
rCold   + . .        (no shield)
rNeg    . . .        k - +1 ring mail of Submission {Fly rC+ Stlth+}
rPois   .            (no helmet)
rElec   .            c - +0 cloak
rCorr   .            (no gloves)
SInv    .            (no boots)
Will    .....        i - amulet of regeneration
Stlth   +++          (no ring)
HPRegen 1.08/turn    (no ring)
MPRegen 0.10/turn

%: no passive effects
@: lethally poisoned (0 -> -1), flying
A: molten scales 1, demonic touch 1
a: no special abilities


You were on level 4 of the Dungeon.
You visited 2 branches of the dungeon, and saw 6 of its levels.

You collected 295 gold pieces.

Inventory:

Hand Weapons
 l - a +0 long sword of protection
 u - a +0 war axe (weapon)
Missiles
 d - 12 poisoned darts (quivered)
 z - 3 curare-tipped darts
Armour
 c - a +0 cloak (worn)
 f - the +4 ring mail of Temperance {rPois rC- rCorr Str+3}
   (You found it on level 4 of the Dungeon)

   Str:       It affects your strength (+3).
   rC:        It makes you vulnerable to cold.
   rPois:     It protects you from poison.
   rCorr:     It protects you from acid and corrosion.
 k - the +1 ring mail of Submission (worn) {Fly rC+ Stlth+}
   (You found it on level 2 of the Dungeon)

   rC:        It protects you from cold.
   Fly:       It grants you flight.
   Stlth:     It makes you more stealthy.
Jewellery
 i - an amulet of regeneration (around neck)
Scrolls
 g - a scroll of poison
 r - a scroll of silence
 s - a scroll of fog
Potions
 a - a potion of curing {unknown}
 b - a potion of brilliance {unknown}
 e - a potion of magic {unknown}
 h - a potion of berserk rage {unknown}
 j - a potion of heal wounds
 m - a potion of cancellation {unknown}
 o - a potion of invisibility {unknown}
 p - a potion of attraction {unknown}
 q - a potion of enlightenment {unknown}


   Skills:
 + Level 4.3 Fighting
 - Level 1.7 Short Blades
 * Level 2.5 Axes
 - Level 2.0 Throwing
 + Level 3.1 Armour
 - Level 0.8 Dodging
 - Level 3.6 Stealth


You had 5 spell levels left.
You didn't know any spells.
Your spell library contained the following spells:

 Spells                   Type           Power      Damage    Failure   Level
 Cigotuvi's Dreadful Rot  Necr/Pois/Air  0%         N/A       69%         2
 Gell's Gravitas          Tloc           0%         N/A       89%         3
 Ignite Poison            Fire/Tmut/Pois 0%         N/A       89%         3
 Teleport Other           Tloc           0%         N/A       89%         3
 Freezing Cloud           Conj/Ice/Air   0%         6-21      100%        5
 Dispersal                Tloc           0%         N/A       100%        6


Dungeon Overview and Level Annotations

Branches:
Dungeon (5/15)             Temple (1/1) D:4

Altars:
Ashenzari
Cheibriados
Fedhas
Gozag
Hepliaklqana
Kikubaaqudgha
Makhleb
Nemelex Xobeh
Okawaru
Qazlal
Ru
Vehumet
Xom

Annotations:
D:5 Menkaure


Innate Abilities, Weirdness & Mutations

You are partially covered in molten scales. (AC +2)
Your touch may inflict minor irresistible damage on your foes.


Message History

You barely miss the gnoll.
A gnoll comes into view. It is wielding a +0 flail.
The gnoll hits you but does no damage.
You are poisoned.
The gnoll hits you with a +2 heavy flail!
You are too injured to fight recklessly!
You are too injured to fight recklessly!
You are too injured to fight recklessly!
You are too injured to fight recklessly!
You are too injured to fight recklessly!
You are too injured to fight recklessly!
You feel very sick.
You see here 3 stones.
You feel sick.
You feel sick.
You feel sick. The gnoll hits you but does no damage.
You are more poisoned.
You feel very sick. The gnoll attacks as you move away!
The gnoll closely misses you.
You feel sick.
There is a stone staircase leading up here.
You feel sick.
The gnoll hits you from afar with a +1 spear of venom.
* * * LOW HITPOINT WARNING * * *
You are more poisoned.
The gnoll hits you but does no damage.
You fly upwards.
* * * LOW HITPOINT WARNING * * *
You feel very sick.
There is a stone staircase leading down here.
A gnoll is nearby!
You barely miss the gnoll.
* * * LOW HITPOINT WARNING * * *
You feel very sick. The gnoll hits you but does no damage.
You barely miss the gnoll.
* * * LOW HITPOINT WARNING * * *
You feel very sick.
The gnoll hits you with a +2 heavy flail.
You die...

###########.##.#
#.........#.##.#
#.........#.##.#
#.........#.##.#
#.........#.##.#
#.........#.##.#
#.........#.##.#
###)........#.##g#
..'.).......'...@#
.##.........#.##.#
.##.........#.##.#
.############.##.# .#
#.##.# .# #.##.# .#
#.##+######## .#
#...........######### .#
######...........'........


You could see a gnoll.

Vanquished Creatures
  A scorpion (D:4)
  A hound (D:4)
  A jelly (D:4)
  A sleepcap (D:4)
  An iguana (D:4)
  An orc wizard (D:4)
  4 adders
  A worm (D:4)
  A dart slug (D:1)
  6 orcs
  9 endoplasms
  4 giant cockroaches
  4 goblins
  5 hobgoblins
  7 kobolds
  2 quokkas (D:1)
  9 ball pythons
  6 bats
  3 frilled lizards
  A rat (D:2)
68 creatures vanquished.

Notes
Turn   | Place    | Note
-------+----------+-------------------------------------------
     0 | D:1      | Iniera the Demonspawn Brigand began the quest for the Orb.
     0 | D:1      | Reached XP level 1. HP: 16/16 MP: 1/1
   158 | D:1      | Gained mutation: You are partially covered in molten
                  | scales. (AC +2) [demonic ancestry]
   158 | D:1      | Reached XP level 2. HP: 22/23 MP: 2/2
   388 | D:1      | Reached skill level 1 in Armour
   722 | D:2      | Reached XP level 3. HP: 28/28 MP: 3/3
   763 | D:2      | Identified the +1 ring mail of Submission {Fly rC+ Stlth+}
  1057 | D:2      | Reached skill level 3 in Fighting
  1998 | D:4      | Identified the +4 ring mail of Temperance {rPois rC- rCorr
                  | Str+3}
  2044 | D:4      | Reached XP level 4. HP: 31/35 MP: 4/4
  2193 | D:4      | Found a staircase to the Ecumenical Temple.
  2200 | Temple   | Entered the Ecumenical Temple
  2515 | D:4      | Noticed a scorpion
  2543 | D:4      | Killed a scorpion
  2544 | D:4      | Reached skill level 1 in Axes
  2544 | D:4      | Gained mutation: Your touch may inflict minor irresistible
                  | damage on your foes. [demonic ancestry]
  2544 | D:4      | Reached XP level 5. HP: 17/42 MP: 5/5
  2629 | D:4      | Reached skill level 4 in Fighting
  2761 | D:4      | Reached XP level 6. HP: 48/48 MP: 6/6
  3007 | D:5      | Entered Level 5 of the Dungeon
  3098 | D:5      | Noticed Menkaure
  3184 | D:4      | HP: 2/48 [poisoned by a gnoll]
  3184 | D:4      | Slain by a gnoll

Illustrated notes

Levels and vault maps discovered:
D:1:      minmay_arrival_five_plusses, layout_rooms
D:2:      layout_basic, wander_ebering_terrifying_dragon_lair
D:3:      layout_loops_corners, serial_glass, glass_columns_a, glass_columns_a
D:4:      layout_basic, minmay_temple_entry_statues_fountains, st_stairs_3,
          patterned_corridor
D:5:      layout_layer_cave, eat_drink_and_be_merry_uskayaw, uniq_menkaure,
          uniq_edmund
Temple:   nicolae_temple_bog_church

Skill      XL: |  1  2  3  4  5 |
---------------+----------------+-----
Throwing       | 2 |  2.0
Armour         | 1 2 3 |  3.1
Fighting       | 3 4 |  4.3
Axes           | 1 2 |  2.5
Short Blades   | |  1.7
Dodging        | |  0.8
Stealth        | |  3.6

Action                     |  1- 3 |  4- 6 || total
---------------------------+-------+-------++-------
  Melee: Dagger            |    83 |       ||    83
         Punch             |     1 |     1 ||     2
         Long sword        |    69 |    16 ||    85
         Hand axe          |       |    38 ||    38
         War axe           |       |    31 ||    31
         Touch             |       |     7 ||     7
    Use: Scroll            |     5 |     3 ||     8
         Potion            |       |     1 ||     1
   Stab: Sleeping          |     9 |     7 ||    16
 Armour: Robe              |    34 |       ||    34
         Ring mail         |    44 |    49 ||    93
  Dodge: Dodged            |    79 |    55 ||   134

Table legend: (Time is in decaauts)
 A = Elapsed time spent in this place.
 B = Non-inter-level travel time spent in this place.
 C = Inter-level travel time spent in this place.
 D = Time resting spent in this place.
 E = Time spent auto-exploring this place.
 F = Levels seen in this place.
 G = Mean time per level.
                   A        B        C        D        E       F      G
               +--------+--------+--------+--------+--------+-----+--------+
         Total |   3230 |   3077 |    153 |     16 |   2391 |   6 |  538.3 |
       Dungeon |   3066 |   2936 |    130 |     16 |   2263 |   5 |  613.2 |
        Temple |    163 |    141 |     22 |      0 |    128 |   1 |  163.0 |
               +--------+--------+--------+--------+--------+-----+--------+

Top non-repeatable levels by time:
     D:4: 936 daAuts
     D:2: 756 daAuts
     D:3: 744 daAuts
     D:1: 507 daAuts
  Temple: 163 daAuts
     D:5: 121 daAuts
